[Event "*** Titled Tuesday 3|2 Blitz (Late)"]
[Site "Chess.com"]
[Date "2017.01.03"]
[Round "4"]
[White "Caminator2000"]
[Black "Abrito99"]
[Result "1/2-1/2"]
[WhiteElo "2213"]
[BlackElo "2347"]
[TimeControl "180+2"]
[EndTime "17:46:46 PST"]
[Termination "Game drawn by agreement"]

1. e4 e6 2. d3 d5 3. Nd2 c5 4. Ngf3 Nc6 5. g3 Bd6 6. Bg2 Nge7 7. O-O O-O 8. Re1 b6 9. c3 Ba6 10. exd5 exd5 11. Nf1 Qd7 12. Ne3 Rad8 13. d4 Bb8 14. a4 Rfe8 15. a5 Bb5 16. axb6 axb6 17.
b3 cxd4 18. Nxd4 Nxd4 19. Qxd4 Nf5 20. Qxb6 d4 21. cxd4 Nxd4 22. Bb2 Nxb3 23. Red1 Ba7 24. Qxd8 Rxd8 25. Rxd7 Rxd7 26. Ra3 Nd2 27. Ra5 Be2 28. Bc6 Nf3+ 29. Kg2 Ne1+ 30. Kh3 Rd6 31. Nf5 Bb6 32. Ra8+ Rd8 33. Rxd8+ Bxd8 34. Bc3 Nd3 35. Nxg7 Nxf2+ 36. Kg2 Ng4 37. Ne8 Bb6 38. Nf6+ Nxf6 39. Bxf6 Bg4 40. h3 Be2 41. g4 h5 42. g5 Bd3 43. Bf3 Bg6 44. Kg3 Be3 45. Bd5 Kf8 46. Kf3 Bd2 47.
Bc4 Ke8 48. Bb5+ Kf8 49. Bc4 Ke8 50. Bb5+ Kf8 51. Bc6 Bc1 52. Kg3 Be3 53. Bf3 Ke8 54. Be2 Kd7 55. Bb5+ Ke6 56. Bc4+ Kf5 57. Bd3+ Ke6 58.
Be2 Kf5 59. Bd3+ Ke6 60. Bc4+ Kf5 61. h4 Bd2 62. Bd3+ Ke6 63. Bc4+ Kf5 1/2-1/2

[Event "*** Titled Tuesday 3|2 Blitz (Late)"]
[Site "Chess.com"]
[Date "2017.01.03"]
[Round "4"]
[White "Fh2411"]
[Black "Kacparov"]
[Result "0-1"]
[WhiteElo "2382"]
[BlackElo "2594"]
[TimeControl "180+2"]
[EndTime "17:46:53 PST"]
[Termination "Kacparov won by resignation"]

1. d4 d6 2. Nf3 g6 3. g3 Bg7 4.
Bg2 e5 5. dxe5 dxe5 6. Qxd8+ Kxd8 7. O-O f6 8. Rd1+ Nd7 9. Nc3 Ne7 10. a4 c6 11. a5 Kc7 12. b3 Bf8 13. Ba3 Nf5 14. e3 Bxa3 15. Rxa3 Nc5 16. b4 Ne6 17. Ne4 Rf8 18.
Rad3 Ne7 19. Nc3 Rd8 20. Rxd8 Nxd8 21. Ne4 Ng8 22. c4 Nf7 23. c5 Be6 24. Nd6 Rd8 25. a6 bxa6 26. Ra1 Nxd6 27. cxd6+ Rxd6 28. Bf1 Ne7 29. Bxa6 Bg4 30. Kg2 Bxf3+ 31. Kxf3 Kb6 32. Bc4 Rd2 33.
Ra6+ Kb7 34. b5 Rc2 35. bxc6+ Nxc6 36. Bb5 Rc5 37. Bf1 f5 38. h4 e4+ 39. Kg2 Rc2 40. Bb5 Ne5 41. Re6 Ng4 42. Ba6+ Kc7 43. h5 Rxf2+ 44.
Kg1 gxh5 45. Re7+ Kb6 46. Bc8 Rf3 47. Rxh7 Rxg3+ 48. Kf1 Rf3+ 49. Kg1 a5 50. Rxh5 Nxe3 51.
Bd7 Kc5 52. Rh6 Nc4 53. Rc6+ Kd4 54. Be6 Ne5 55. Ra6 e3 56. Rxa5 e2 57. Ra1 Nd3 58.
Kg2 e1=Q 0-1

[Event "*** Titled Tuesday 3|2 Blitz (Late)"]
[Site "Chess.com"]
[Date "2017.01.03"]
[Round "4"]
[White "HouseOfDurin"]
[Black "chesstatour"]
[Result "1-0"]
[WhiteElo "1845"]
[BlackElo "1786"]
[TimeControl "180+2"]
[EndTime "17:46:56 PST"]
[Termination "HouseOfDurin won by resignation"]

1. d4 f5 2. c4 Nf6 3. d5 g6 4.
Nc3 Bg7 5. g3 O-O 6. Bg2 e5 7.
dxe6 dxe6 8. Qxd8 Rxd8 9. Nb5 Na6 10. a3 c6 11. Nc3 e5 12. e4 Be6 13. b3 Nc5 14.
Rb1 fxe4 15. h3 Rd7 16. Be3 Nxb3 17. Rxb3 Bxc4 18. Rb1 Bd5 19. Nge2 Rf8 20. O-O Rfd8 21. g4 h6 22. Rfe1 Kf7 23. Ng3 b5 24. Ncxe4 Nxe4 25. Nxe4 Bf8 26. Nc5 Bxc5 27. Bxc5 Kf6 28. Bxd5 Rxd5 29.
Bxa7 Ra8 30. Be3 Rxa3 31. Rbc1 Ra6 32. Bxh6 g5 33. Bf8 Rd3 34. Re3 Rxe3 35. fxe3 Ke6 36.
Kf2 Kd5 37. Kf3 e4+ 38. Kg3 Ra4 39. Bh6 c5 40. Bxg5 c4 41. h4 b4 42. h5 c3 43.
Bf6 Kc4 44. h6 Ra7 45. g5 Kd3 46. Kf4 c2 47. g6 Kd2 48. Rg1 c1=Q 49. Rxc1 Kxc1 50.
h7 Ra8 51. h8=Q Rxh8 52. Bxh8 b3 53. Be5 Kc2 54. Kxe4 1-0

[Event "*** Titled Tuesday 3|2 Blitz (Late)"]
[Site "Chess.com"]
[Date "2017.01.03"]
[Round "4"]
[White "MattyDPerrine"]
[Black "macko06"]
[Result "0-1"]
[WhiteElo "2249"]
[BlackElo "2295"]
[TimeControl "180+2"]
[EndTime "17:46:58 PST"]
[Termination "macko06 won by resignation"]

1. d4 Nf6 2. Nf3 g6 3. g3 Bg7 4. Bg2 O-O 5. O-O d5 6. c4 dxc4 7. Na3 c3 8. bxc3 Nc6 9. Re1 Bf5 10. Nh4 Bg4 11. h3 Bc8 12. e4 e5 13. Nc2 Re8 14.
f4 exd4 15. cxd4 Nh5 16. Kh2 Nxd4 17. e5 Nc6 18. Qxd8 Rxd8 19. g4 Nf6 20. exf6 Bxf6 21.
Nf3 Bxa1 22. Nxa1 Be6 23. a3 Bd5 24. Nc2 Re8 25. Ne5 Bxg2 26. Kxg2 Nxe5 27. fxe5 Rad8 28. Bg5 Rd3 29. Re2 a5 30. Bf6 b5 31. h4 c5 32.
Kf2 b4 33. axb4 cxb4 34. Re3 Rxe3 35. Kxe3 Rc8 36. Kd2 Rc4 37. Ne3 Re4 38. Kd3 Rf4 39.
Bd8 a4 40. Kc2 Re4 41. Bb6 Rxe5 42. Kd3 b3 43. Bd4 Rb5 44. Nc4 h5 45. g5 Rf5 46.
Bb2 Rf4 47. Nb6 Rxh4 48. Kc3 Rg4 49. Kd3 Rxg5 50. Nxa4 Rg3+ 51. Ke2 Rg2+ 52. Kf3 Rxb2 53. Nxb2 Kg7 54. Ke3 h4 55. Kd2 h3 56. Nd3 g5 57.
Nf2 h2 58. Kc3 Kf6 59. Kxb3 Kf5 60. Kc2 Kf4 61. Kd2 Kf3 62. Ke1 Kg2 63. Ke2 h1=Q 0-1

[Event "*** Titled Tuesday 3|2 Blitz (Late)"]
[Site "Chess.com"]
[Date "2017.01.03"]
[Round "4"]
[White "capatl"]
[Black "Andrejkin"]
[Result "1-0"]
[WhiteElo "2282"]
[BlackElo "2193"]
[TimeControl "180+2"]
[EndTime "17:47:01 PST"]
[Termination "capatl won by resignation"]

1. c4 Nf6 2. Nc3 c6 3. Nf3 d5 4. e3 e6 5. d4 Nbd7 6. b3 Be7 7. Bb2 O-O 8. Qc2 b6 9. Bd3 Bb7 10. O-O h6 11. Rfe1 c5 12. Rad1 Rc8 13. Qb1 Qc7 14. h3 Rfe8 15. e4 dxe4 16. Nxe4 Nxe4 17. Bxe4 Bxe4 18.
Qxe4 Nf6 19. Qe2 cxd4 20. Nxd4 Rcd8 21. Rd3 a6 22. Rg3 Bd6 23. Rd3 Bc5 24. Red1 Rd7 25. Nf3 Rxd3 26. Rxd3 Qf4 27. Be5 Qf5 28. Bd4 Rd8 29.
Rd2 Ne4 30. Rd1 Bxd4 31. Rxd4 Rxd4 32. Nxd4 Nc3 33. Qb2 Qb1+ 34. Qxb1 Nxb1 35. Ne2 e5 36. f3 f6 37. Kf2 Kf7 38. Ke3 Ke6 39. Kd3 Na3 40.
Kc3 b5 41. Kb4 Nc2+ 42. Kc3 Ne1 43. cxb5 axb5 44. Kb4 Nxg2 45. Kxb5 Ne1 46. Ng1 Nc2 47. a4 Nd4+ 48. Kc4 Kd6 49. b4 f5 50. b5 g5 51.
a5 Ne2 52. Nxe2 h5 53. b6 Kc6 54. Kd3 g4 55. fxg4 fxg4 56. hxg4 hxg4 57. Ng3 Kb7 58.
Ke4 Ka6 59. Kxe5 Kb7 60. Kf4 Ka6 61. Kxg4 Kxa5 62. b7 Ka4 63. b8=Q 1-0

[Event "*** Titled Tuesday 3|2 Blitz (Late)"]
[Site "Chess.com"]
[Date "2017.01.03"]
[Round "4"]
[White "Goala"]
[Black "FLchessplayer"]
[Result "0-1"]
[WhiteElo "2157"]
[BlackElo "2103"]
[TimeControl "180+2"]
[EndTime "17:47:10 PST"]
[Termination "FLchessplayer won on time"]

1. d4 d5 2. c4 e6 3. Nc3 Nf6 4.
e3 c5 5. cxd5 exd5 6. Bb5+ Nc6 7. Nf3 a6 8. Bxc6+ bxc6 9. O-O Bf5 10. Qa4 Qc7 11. Ne5 Bd7 12. Bd2 Bd6 13. f4 O-O 14.
Be1 Rfc8 15. Bh4 Bf5 16. Rac1 c4 17. Rf3 Ne4 18. Nxe4 Bxe4 19. Rg3 Kh8 20. b3 f6 21. Ng4 cxb3 22. Qxb3 Rab8 23. Qd1 Rf8 24. Nf2 Bg6 25. Qg4 Rb2 26. Rh3 Qc8 27. Qf3 Rxa2 28. g4 f5 29. gxf5 Bxf5 30. Rg3 Re8 31. Ng4 Bxg4 32. Rxg4 Qe6 33. Rxc6 Ra1+ 34. Kg2 h5 35. Rg5 g6 36. Qxd5 Ra2+ 37. Kf1 Qh3+ 38. Rg2 Rxg2 39. Qxg2 Qxh4 40. Rxd6 Rxe3 41. Qf2 Qh3+ 42. Kg1 Rb3 43. Rd8+ Kh7 44. Re8 Rb1+ 45. Re1 Qg4+ 46. Kf1 Qh3+ 47. Kg1 Qg4+ 48.
Kh1 Rxe1+ 49. Qxe1 Qxf4 50. Qe7+ Kh6 51. Kg2 Qxd4 52.
Qf8+ Kg5 53. Qe7+ Qf6 54. Qe3+ Qf4 55. Qc5+ Kg4 56. h3+ Kh4 57. Qb6 Qg5+ 58. Kh1 Qc1+ 59. Kg2 Qc2+ 60. Kh1 Kxh3 0-1

[Event "*** Titled Tuesday 3|2 Blitz (Late)"]
[Site "Chess.com"]
[Date "2017.01.03"]
[Round "4"]
[White "calemcc"]
[Black "attack2mateU"]
[Result "1-0"]
[WhiteElo "2222"]
[BlackElo "2319"]
[TimeControl "180+2"]
[EndTime "17:47:10 PST"]
[Termination "calemcc won by resignation"]

1. d4 Nf6 2. c4 e6 3. Nf3 b6 4. g3 Ba6 5. b3 Bb4+ 6. Bd2 Be7 7.
Bg2 c6 8. O-O d5 9. Ne5 Nfd7 10.
Nxd7 Nxd7 11. Bc3 O-O 12. Nd2 Rb8 13. Qc2 b5 14. e4 bxc4 15. bxc4 dxc4 16. Rab1 Qc7 17.
e5 c5 18. f4 cxd4 19. Bxd4 c3 20. Rfd1 Bd3 21. Qxd3 c2 22. Ne4 Rxb1 23. Rxb1 cxb1=Q+ 24. Qxb1 Qc4 25. Bxa7 Nc5 26. Nd6 Bxd6 27. exd6 Rd8 28. Bb8 Qd4+ 29. Kh1 Nd3 30. h3 h5 31. Bc7 Rd7 32. Qb8+ Kh7 33. Qb5 Nc5 34. Bb6 Qa1+ 35. Kh2 Rxd6 36. Qxc5 Rd2 37. Qxh5+ Kg8 38. Qf3 Qxa2 39. Be3 Re2 40. g4 g6 41. Bd4 Kh7 42.
Qb7 e5 43. Bxe5 Qe6 44. Qc6 Rxe5 45. fxe5 Qxe5+ 46. Kg1 Qe3+ 47. Kf1 Qd3+ 48. Kf2 Qd4+ 49. Kf3 Qd3+ 50. Kf4 Qd2+ 51. Ke5 Qe3+ 52. Kd6 f5 53. gxf5 gxf5 54. Qd7+ Kg6 55. Qc6 f4 56. Bf3 Kg5 57. Qd5+ Kh4 58. Qh5+ Kg3 59. Qg4+ Kf2 60. Qg2+ Ke1 61.
h4 Qd4+ 62. Ke6 Qb6+ 63. Kf5 Qe3 64. h5 1-0

[Event "*** Titled Tuesday 3|2 Blitz (Late)"]
[Site "Chess.com"]
[Date "2017.01.03"]
[Round "4"]
[White "FastChance"]
[Black "nonscitis"]
[Result "1-0"]
[WhiteElo "2499"]
[BlackElo "2333"]
[TimeControl "180+2"]
[EndTime "17:47:28 PST"]
[Termination "FastChance won by resignation"]

1. e4 c5 2. Nc3 Nc6 3. Bb5 g6 4. Bxc6 dxc6 5. d3 Bg7 6. Be3 b6 7. Nge2 Nf6 8. h3 O-O 9. O-O e5 10. a4 a5 11. Nb1 Nh5 12. Na3 Qc7 13. Nc4 Nf4 14. Nxf4 exf4 15. Bd2 Be6 16. b3 Bxa1 17. Qxa1 Bxc4 18. bxc4 Qd6 19. Qb2 Rab8 20. Bc3 Rfe8 21. Bh8 Qf8 22. Be5 Rb7 23. Bxf4 Qg7 24. e5 g5 25. Bg3 h5 26. f4 g4 27. h4 f5 28.
exf6 Qf7 29. f5 Re2 30. Rf2 Re1+ 31. Kh2 Qe8 32. Rf4 Re2 33. f7+ Kxf7 34. f6 Qe3 35. Re4 Qd2 36. Rxe2 Qxe2 37. Qc1 Kxf6 38. Qh6+ Kf5 39.
Qxh5+ Kf6 40. Qh6+ Kf5 41. Qxc6 Re7 42. Qxb6 Qf1 43.
Qxc5+ Kf6 44. Qd4+ Kf7 45. Qxg4 Re2 46. Qh5+ Ke6 47. Qd5+ Kf6 48. c5 Qf5 49. Qxf5+ Kxf5 50. c4 Rd2 51. c6 Ke6 52. h5 Rxd3 53. c7 Rd2 54. c8=Q+ 1-0

[Event "*** Titled Tuesday 3|2 Blitz (Late)"]
[Site "Chess.com"]
[Date "2017.01.03"]
[Round "4"]
[White "stalyansky"]
[Black "wonderfultime"]
[Result "1/2-1/2"]
[WhiteElo "1093"]
[BlackElo "2628"]
[TimeControl "180+2"]
[EndTime "17:48:00 PST"]
[Termination "Game drawn - insufficient material"]

1. e4 c5 2. Nf3 d6 3. d4 cxd4 4.
Nxd4 Nf6 5. Nc3 g6 6. Be2 Bg7 7. O-O O-O 8. Bg5 Nc6 9. Nb3 a6 10. a4 Be6 11. Kh1 Rc8 12. f4 Na5 13. e5 Nxb3 14.
cxb3 dxe5 15. Qxd8 Rfxd8 16. fxe5 Nd7 17. Bxe7 Re8 18.
Bf6 Bxb3 19. Bf3 Bxf6 20. exf6 Rc7 21. Rac1 Nxf6 22. Bxb7 Rxb7 23. Rxf6 Be6 24. Rf2 Reb8 25. Rcc2 Rb4 26. h3 h5 27. Rcd2 Kg7 28. Kh2 a5 29. Rfe2 h4 30. Rf2 g5 31. Rfe2 Bf5 32.
Re5 Kf6 33. Rxa5 Rxb2 34. Nd5+ Kg7 35. Rxb2 Rxb2 36. Ne3 Be4 37. Rxg5+ Kf6 38. Rg4 Ke5 39. Rxh4 f5 40. Kg3 Re2 41. Nc4+ Kd4 42. Nd6 Rxg2+ 43. Kf4 Rf2+ 44. Kg5 Ke5 45. Nxe4 fxe4 46. Rh8 Rg2+ 47.
Kh5 e3 48. Re8+ Kf4 49. h4 Ra2 50. Rf8+ Ke4 51. Re8+ Kf3 52. Kg6 Rxa4 53. h5 Re4 54.
Ra8 e2 55. Ra1 Re6+ 56. Kg7 Re7+ 57. Kg6 Rd7 58. Re1 Rd6+ 59. Kg7 Rd7+ 60. Kg6 Kf2 61.
Rxe2+ Kxe2 62. h6 Kf3 63. h7 Rd8 64. Kg7 Kg4 65. h8=Q Rxh8 66. Kxh8 1/2-1/2

[Event "*** Titled Tuesday 3|2 Blitz (Late)"]
[Site "Chess.com"]
[Date "2017.01.03"]
[Round "4"]
[White "VerdeNotte"]
[Black "aspired"]
[Result "0-1"]
[WhiteElo "2471"]
[BlackElo "2465"]
[TimeControl "180+2"]
[EndTime "17:48:07 PST"]
[Termination "aspired won by resignation"]

1. e4 e5 2. Nf3 Nc6 3. Bc4 Bc5 4. O-O Nf6 5. d4 exd4 6. e5 d5 7. exf6 dxc4 8. fxg7 Rg8 9. Re1+ Be6 10. Bg5 Qd5 11. Nc3 Qf5 12. Ne4 Rxg7 13. Bf6 Rg4 14.
Nxc5 Qxc5 15. c3 Qd5 16. cxd4 Rg6 17. Bh4 f6 18. Re3 O-O-O 19. Bg3 Bg4 20. h3 Bxf3 21. Qxf3 Qxf3 22. Rxf3 Nxd4 23. Re3 Nc2 24. Re7 Rxg3 25. Rc1 Rgd3 26. Rxc2 R3d7 27. Re6 b5 28. a4 Rd1+ 29.
Kh2 R8d2 30. Rc3 Rxf2 31. axb5 Rdd2 32. Re8+ Kb7 33. Rg8 Rxb2 34. Rxc4 Rfc2 35. Rh4 Rxb5 36. Rxh7 a5 37. h4 a4 38. Rhh8 a3 39. Ra8 a2 40.
Rhb8+ Kc6 41. Rxb5 Kxb5 42. h5 f5 43. Kg3 Kb4 44.
Kf4 Rxg2 45. h6 Kb3 46. Rb8+ Kc2 47. Ra8 Kb1 48. Rb8+ Kc1 49. Ra8 Rh2 50. h7 Kb1 51. Rb8+ Kc2 52. Ra8 Kb2 53. Rb8+ Kc3 54. Ra8 Rxh7 55.
Rxa2 c5 56. Kxf5 Re7 57. Ra8 c4 58. Rb8 Kd3 59. Rd8+ Kc2 60. Kf4 c3 61. Kf3 Kb2 62.
Rb8+ Kc1 63. Kf2 c2 64. Rb6 Re5 65. Rb8 Kd2 66. Rd8+ Kc3 67. Rc8+ Kd3 68. Rc7 Re4 69. Rd7+ Rd4 0-1

[Event "*** Titled Tuesday 3|2 Blitz (Late)"]
[Site "Chess.com"]
[Date "2017.01.03"]
[Round "4"]
[White "penguingm1"]
[Black "Anton_Demchenko"]
[Result "1-0"]
[WhiteElo "2708"]
[BlackElo "2651"]
[TimeControl "180+2"]
[EndTime "17:48:27 PST"]
[Termination "penguingm1 won on time"]

1. d4 Nf6 2. c4 g6 3. f3 Bg7 4. e4 d6 5. Nc3 O-O 6. Nge2 Nc6 7. Be3 a6 8. Rb1 Bd7 9. b4 Rb8 10. Qd2 Re8 11. a4 a5 12. b5 Nb4 13.
g4 e5 14. d5 h5 15. h3 Nh7 16.
Bg2 h4 17. O-O b6 18. f4 exf4 19. Nxf4 Qe7 20. Rbe1 Be5 21. Nce2 Bf6 22. Nd4 Bg5 23. Nf3 Bf6 24. Nd4 Bg5 25. Kh1 Rf8 26. Re2 Rbe8 27. Nf3 Bf6 28. Bd4 Be5 29. Nd3 Nxd3 30. Qxd3 Bxd4 31.
Qxd4 Ng5 32. Ne1 Qe5 33. Qd2 f6 34. Qc2 Kg7 35. Nd3 Qe7 36. Nf4 Qe5 37. Nd3 Qe7 38.
Nf4 Qe5 39. Qd3 Rf7 40. Qb1 Rff8 41. Qc2 Nf7 42. Ref2 Qg5 43. Qc3 Ne5 44. Ne2 Rf7 45. Nd4 Ref8 46. Qc2 Kg8 47. Qe2 Kg7 48. Rf4 Kg8 49. Qd1 Kg7 50. Qc2 Kg8 51. Qc3 Kg7 52. R4f2 Kg8 53. Ne2 Kg7 54. Rd1 Kg8 55. Rdf1 Kh7 56.
Nd4 Kg7 57. Bf3 Kh8 58. Bd1 f5 59. exf5 gxf5 60. Ne6 Bxe6 61. dxe6 Rg7 62. Rxf5 Rxf5 63. Rxf5 Qe7 64. Rh5+ Kg8 65. Bb3 Rg5 66. Rxg5+ Qxg5 67. c5 1-0

[Event "*** Titled Tuesday 3|2 Blitz (Late)"]
[Site "Chess.com"]
[Date "2017.01.03"]
[Round "4"]
[White "DiamondCrusher22"]
[Black "ChristopherYoo"]
[Result "1-0"]
[WhiteElo "1858"]
[BlackElo "2045"]
[TimeControl "180+2"]
[EndTime "17:48:33 PST"]
[Termination "DiamondCrusher22 won by resignation"]

1. e4 e5 2. Nf3 Nc6 3. Bb5 Nf6 4.
O-O Bc5 5. c3 O-O 6. d4 Bb6 7.
Bg5 h6 8. Bh4 d6 9. Qd3 Qe7 10.
Nbd2 Nb8 11. Rfe1 c6 12. Ba4 Nbd7 13. h3 Bc7 14. Bb3 Rd8 15. Bg3 Nf8 16. Rad1 Ng6 17. Nf1 Nh5 18. dxe5 dxe5 19. Qc2 Be6 20. Bh2 Nhf4 21.
Ne3 Qf6 22. Nf5 Bxf5 23. exf5 Ne7 24. Bxf4 exf4 25. Rxd8+ Rxd8 26. Qe2 Nxf5 27. Qc4 Nd6 28. Qd3 Qf5 29. Qxf5 Nxf5 30. Ne5 Bxe5 31. Rxe5 Nd6 32. Re7 Kf8 33. Rc7 Ke8 34. f3 Rb8 35. Kf2 Kd8 36. Rxf7 Nxf7 37. Bxf7 Ke7 38. Bc4 Rd8 39. Ke2 Kf6 40.
Bd3 b5 41. Be4 Rd6 42. b3 Ke5 43. a3 a5 44. a4 bxa4 45. bxa4 c5 46. Ke1 Rb6 47. Kd2 Rb2+ 48. Kd3 Rxg2 49. Kc4 Rg3 50. Kxc5 Rxh3 51. Kb6 Rh2 52. c4 Kd4 53. c5 Rb2+ 54. Kc6 Rb4 55. Kd6 Rxa4 56. c6 Rc4 57. c7 a4 58. Bc6 a3 59. c8=Q a2 60. Qa6 Rc2 61.
Qb6+ Kc3 62. Qc5+ Kb2 63. Qb4+ Kc1 64. Qxf4+ Kb2 65. Qb4+ Kc1 66. Qa3+ Kb1 67. Be4 a1=Q 68. Bxc2+ Kxc2 69. Qxa1 g5 70. Qh1 Kd3 71. Qxh6 g4 72.
fxg4 Ke4 73. Qg5 Kd4 74. Qf4+ Kd3 75. Kd5 Kc3 76. Qc4+ Kd2 77. Kd4 Kd1 78. Ke3 1-0

[Event "*** Titled Tuesday 3|2 Blitz (Late)"]
[Site "Chess.com"]
[Date "2017.01.03"]
[Round "4"]
[White "platy3"]
[Black "Alexander_Moskalenko"]
[Result "0-1"]
[WhiteElo "2613"]
[BlackElo "2693"]
[TimeControl "180+2"]
[EndTime "17:48:46 PST"]
[Termination "Alexander_Moskalenko won by resignation"]

1. e4 c6 2. d4 d5 3. Nc3 g6 4.
Nf3 Bg7 5. h3 Nf6 6. e5 Ne4 7.
Nxe4 dxe4 8. Ng5 c5 9. dxc5 Qc7 10. e6 f5 11. Bb5+ Nc6 12. c3 O-O 13. h4 Ne5 14. Be3 a6 15. Be2 h6 16. Nf7 Bxe6 17. Nxe5 Qxe5 18.
Bd4 Qc7 19. Bxg7 Kxg7 20. Qd4+ Kh7 21. h5 g5 22. g4 Rfd8 23. Qe3 Qf4 24. gxf5 Bxf5 25.
Rd1 Rxd1+ 26. Kxd1 Rd8+ 27. Kc2 Qxe3 28. fxe3 Kg7 29. b4 Kf6 30. a4 Ke5 31. c6 bxc6 32.
Bxa6 Ra8 33. b5 cxb5 34. axb5 g4 35. c4 Kd6 36. Rd1+ Kc7 37. c5 g3 38. Rg1 Rg8 39.
b6+ Kc6 40. b7 g2 41. Kc3 Bh3 42. Kd4 Rf8 43. Rb1 Kc7 44. Bc4 Kb8 45. c6 e6 46.
Kc5 Kc7 47. Rd1 Rf5+ 48. Kb4 Rf8 49. Bb5 Bg4 50. Rd7+ Kb8 51. Ba6 g1=Q 52. c7+ Ka7 53. c8=Q Qe1+ 54. Kc4 Be2+ 55. Kd4 Qb4+ 56. Ke5 Qa5+ 57. Kd6 Qb4+ 58. Ke5 Qa5+ 59. Kd6 Qb4+ 60.
Ke5 Qa5+ 61. Kxe6 Bg4+ 62. Ke7 Qb4+ 63. Rd6 Rxc8 64. bxc8=Q Bxc8 65. Bxc8 Kb8 66. Bf5 Kc7 0-1

[Event "*** Titled Tuesday 3|2 Blitz (Late)"]
[Site "Chess.com"]
[Date "2017.01.03"]
[Round "4"]
[White "Ksenia_Legenko"]
[Black "jcgs1030"]
[Result "0-1"]
[WhiteElo "2059"]
[BlackElo "2318"]
[TimeControl "180+2"]
[EndTime "17:49:17 PST"]
[Termination "jcgs1030 won by resignation"]

1. d4 Nf6 2. c4 g6 3. Nc3 d5 4.
Qa4+ Qd7 5. Qxd7+ Nbxd7 6. cxd5 Bg7 7. e4 O-O 8. Nf3 Nb6 9. Be2 e6 10. dxe6 Bxe6 11. O-O Bc4 12. Bxc4 Nxc4 13. b3 Nb6 14. Bb2 Rfe8 15. Rfe1 Rad8 16. Rad1 c6 17. e5 Nfd5 18. Nxd5 Nxd5 19. Ng5 Nb4 20. a3 Nc2 21. Re2 Rxe5 22.
Ne4 c5 23. Rxc2 Rxe4 24. Rxc5 Re2 25. Bc3 Rc2 26. Kf1 Bf8 27. Rc4 Bxa3 28. Ba5 Rxc4 29.
Bxd8 Rc8 30. Bf6 Kf8 31. d5 Be7 32. Bd4 b6 33. Ke2 Bd6 34. g3 Ke8 35. Kd3 Kd7 36.
Re1 Re8 37. Rc1 Rc8 38. Re1 Rc7 39. Re2 Rc1 40. Bc3 Bc5 41. b4 Bd6 42. f4 Rd1+ 43. Rd2 Rxd2+ 44. Bxd2 b5 45. Ke4 a6 46. Bc3 f5+ 47.
Kd3 Be7 48. Kd4 Bf6+ 49. Kd3 Be7 50. Kd4 Kd6 51. Be1 Bf6+ 52. Kd3 Kxd5 53. Bf2 Be7 54. Be1 Bd6 55. Bd2 Bc7 56. Bc3 Bb6 57. Bd2 Bg1 58.
h3 Bf2 59. g4 Bb6 60. Be1 h5 61. gxh5 gxh5 62. Bh4 Bc7 63. Be1 Bxf4 64. Bc3 Be5 65. Be1 f4 66. Bf2 f3 67. Be1 Bf4 68. Bf2 Bd6 69.
Be1 Bf4 70. Bf2 Bc1 71. Be1 Bf4 72. Bf2 Bd6 73. Be1 f2 74. Bxf2 Bxb4 75. Bb6 a5 76.
Kc2 a4 77. Kb2 Kc4 78. Be3 Bc3+ 79. Ka2 b4 80. h4 Bf6 81. Bf2 Be7 82. Be1 b3+ 83. Kb1 a3 84. Ka1 Bf6+ 85. Kb1 a2+ 86. Kc1 b2+ 0-1

[Event "*** Titled Tuesday 3|2 Blitz (Late)"]
[Site "Chess.com"]
[Date "2017.01.03"]
[Round "4"]
[White "MateusViageiro"]
[Black "TrickyTrapChess"]
[Result "1/2-1/2"]
[WhiteElo "2308"]
[BlackElo "2153"]
[TimeControl "180+2"]
[EndTime "17:49:20 PST"]
[Termination "Game drawn by agreement"]

1. e4 e6 2. Qe2 c5 3. f4 Nc6 4. Nf3 g6 5. g3 Bg7 6. Bg2 Nge7 7. O-O O-O 8. Kh1 d5 9. d3 Rb8 10. e5 b5 11. Be3 d4 12. Bg1 Qb6 13. Nbd2 Rd8 14.
Ne4 Nd5 15. Nd6 Bf8 16. Ng5 Bxd6 17. exd6 Nf6 18. c3 Rxd6 19. h3 dxc3 20. bxc3 Bb7 21. Kh2 b4 22. Rab1 Ba6 23. Rfd1 Rbd8 24. c4 Bb7 25. a3 a5 26. axb4 axb4 27. Qb2 Nd4 28. Bxd4 Rxd4 29. Bxb7 Qxb7 30. Qe2 Qd7 31. Qe5 Qe7 32. Rb3 Rxc4 33. Rd2 Rcd4 34. Nf3 R4d5 35. Qe2 Qd6 36. Ne5 Rd4 37. Rbb2 Nd5 38. Nc4 Qe7 39.
h4 Nxf4 40. gxf4 Qxh4+ 41. Kg1 Rxf4 42. Ne3 Qg3+ 43. Ng2 Rg4 44. Qf2 Qxf2+ 45. Kxf2 Kg7 46. Kf3 h5 47. Ne3 Rgd4 48. Ke2 f5 49. Rbc2 Rc8 50.
Nc4 g5 51. Ke3 Kf6 52. Nb6 f4+ 53. Ke2 Rb8 54. Na4 g4 55. Nxc5 h4 56. Ne4+ Rxe4+ 57. dxe4 b3 58. Rb2 h3 59. Kf2 Kg5 60. Rd7 g3+ 61.
Kf3 g2 62. Rg7+ Kf6 63. Rg4 e5 64. Kf2 Rh8 65. Rb1 h2 66. Kxg2 h1=Q+ 67. Rxh1 f3+ 68. Kxf3 Rxh1 69. Rg2 Rh3+ 70. Ke2 Rc3 71. Rg8 Rc2+ 72. Kd3 Rh2 73. Rb8 b2 74. Kc4 Kg5 75. Kd5 Kf4 76.
Rf8+ Ke3 77. Rb8 Kf4 78. Rf8+ Ke3 79. Rb8 Rd2+ 80. Kxe5 Kd3 81. Kf5 Rf2+ 82. Ke5 Kc2 83. Kd6 b1=Q 84. Rxb1 Kxb1 85. e5 Kc2 86. e6 Rd2+ 87.
Kc7 Kc3 88. e7 Re2 89. Kd7 Rd2+ 90. Kc7 Re2 91. Kd7 1/2-1/2

[Event "*** Titled Tuesday 3|2 Blitz (Late)"]
[Site "Chess.com"]
[Date "2017.01.03"]
[Round "4"]
[White "Dr-Bassem"]
[Black "sandromareco"]
[Result "1/2-1/2"]
[WhiteElo "2654"]
[BlackElo "2485"]
[TimeControl "180+2"]
[EndTime "17:49:36 PST"]
[Termination "Game drawn - insufficient material"]

1. e4 c5 2. Nf3 d6 3. g3 g6 4. Bg2 Bg7 5. O-O Nf6 6. c3 O-O 7. Re1 Nc6 8. h3 e5 9. d3 h6 10. a3 d5 11. Nbd2 Re8 12. b4 dxe4 13. dxe4 Be6 14. Qe2 Nd7 15. Nc4 Nb6 16. Nxb6 axb6 17.
Be3 Qe7 18. Nd2 Nd4 19. Qd1 Red8 20. Qb1 cxb4 21. cxd4 exd4 22. Bf4 g5 23. Qxb4 Qxb4 24.
axb4 gxf4 25. gxf4 Bf8 26. Rab1 Ra4 27. f5 Ba2 28. Rb2 Bxb4 29. Rd1 d3 30. e5 Bd5 31. Ne4 Bxe4 32. Bxe4 Bc3 33. Rb3 Rxe4 34. Rxc3 d2 35. Re3 Rxe3 36. fxe3 Rd5 37. Kg2 Rxe5 38. Rxd2 Rxe3 39. Rd6 Kg7 40. Rxb6 Re5 41. f6+ Kg6 42.
Rxb7 Kxf6 43. Rb6+ Kg5 44. Rb4 f5 45. Kf3 Rc5 46. Kg2 Rc2+ 47. Kg3 Rc3+ 48. Kg2 Rd3 49. Ra4 Re3 50. Rb4 Re4 51. Rb6 h5 52. Rb8 h4 53. Rb2 Re3 54. Rb4 Rd3 55. Ra4 Rg3+ 56.
Kh2 Rb3 57. Kg2 f4 58. Ra5+ Kf6 59. Rh5 Rg3+ 60. Kh2 Rg5 61. Rxh4 Kf5 62. Rh8 Ke4 63. h4 Rg7 64. Kh3 f3 65. Re8+ Kd3 66. Rf8 Ke2 67. h5 f2 68. Kh4 f1=Q 69. Rxf1 Kxf1 70. h6 Rh7 71. Kg5 Kg2 72. Kg6 Rxh6+ 73. Kxh6 1/2-1/2

[Event "*** Titled Tuesday 3|2 Blitz (Late)"]
[Site "Chess.com"]
[Date "2017.01.03"]
[Round "5"]
[White "Alexander_Moskalenko"]
[Black "macko06"]
[Result "1/2-1/2"]
[WhiteElo "2686"]
[BlackElo "2302"]
[TimeControl "180+2"]
[EndTime "17:51:19 PST"]
[Termination "Game drawn by agreement"]

1. Nf3 Nf6 2. d4 e6 3. Bf4 c5 4. e3 b6 5. Nbd2 Be7 6. c3 O-O 7. Bd3 Bb7 8. O-O d5 9. Ne5 Nc6 10. Qe2 Nxe5 11. Bxe5 h6 12. h3 1/2-1/2

[Event "*** Titled Tuesday 3|2 Blitz (Late)"]
[Site "Chess.com"]
[Date "2017.01.03"]
[Round "5"]
[White "LazarusIcarus"]
[Black "Assasin14"]
[Result "1-0"]
[WhiteElo "2130"]
[BlackElo "2216"]
[TimeControl "180+2"]
[EndTime "17:51:57 PST"]
[Termination "LazarusIcarus won by resignation"]

1. e4 c5 2. Nf3 d6 3. d4 cxd4 4.
Nxd4 Nf6 5. Nc3 a6 6. Bg5 e6 7. f4 Be7 8. Qf3 Nbd7 9. O-O-O Qc7 10. g4 b5 11. Bxf6 Bxf6 12. Bxb5 axb5 13. Ndxb5 Qb6 14.
Nxd6+ Kf8 15. e5 Be7 16. Qxa8 1-0

[Event "*** Titled Tuesday 3|2 Blitz (Late)"]
[Site "Chess.com"]
[Date "2017.01.03"]
[Round "5"]
[White "TrickyTrapChess"]
[Black "fpawn"]
[Result "1-0"]
[WhiteElo "2163"]
[BlackElo "2215"]
[TimeControl "180+2"]
[EndTime "17:53:17 PST"]
[Termination "TrickyTrapChess won by resignation"]

1. d4 f5 2. Nc3 d5 3. Bg5 g6 4. e3 Bg7 5. h4 c6 6. Nf3 Nd7 7. h5 h6 8. hxg6 hxg5 9. Rxh8 Bxh8 10.
Nxg5 Bg7 11. Ne6 Qb6 12. Nxg7+ Kf8 13. Ne6+ Ke8 14. Qd2 Ndf6 15. Na4 Ne4 16. Nxb6 Nxd2 17. Nxa8 Nxf1 18. Nec7+ Kd7 19. Kxf1 b6 20. Ke2 Bb7 21. Rh1 1-0

[Event "*** Titled Tuesday 3|2 Blitz (Late)"]
[Site "Chess.com"]
[Date "2017.01.03"]
[Round "5"]
[White "Elshan1985"]
[Black "FastChance"]
[Result "1-0"]
[WhiteElo "2600"]
[BlackElo "2493"]
[TimeControl "180+2"]
[EndTime "17:53:46 PST"]
[Termination "Elshan1985 won by resignation"]

1. Nf3 Nf6 2. d4 e6 3. c4 Bb4+ 4.
Nbd2 b6 5. g3 Bb7 6. Bg2 O-O 7.
O-O a5 8. b3 Ne4 9. Nxe4 Bxe4 10. Bb2 c6 11. c5 d6 12. a3 bxc5 13. axb4 cxb4 14. Nd2 Bxg2 15. Kxg2 Nd7 16. Qc2 c5 17. dxc5 dxc5 18. Rfd1 Qc7 19. Nc4 Ra6 20. Qe4 Nb6 21.
Nxa5 Nd5 22. Nc4 Rxa1 23. Rxa1 Qc6 24. Qf3 f6 25. e4 Nc7 26. e5 Nd5 27. exf6 gxf6 28.
Ra7 Rf7 29. Rxf7 Kxf7 30. Ne5+ 1-0